 Dungeon Crawl Stone Soup version 0.23.2-33-g5129a83184 (webtiles) character file.

Game seed: 15676610505930177663

28093 FishyPogo the Grappler (level 13, 0/135 HPs)
             Began as a Troll Chaos Knight on Aug 3, 2019.
             Was a Plaything of Xom.
             Slain by a wolf (9 damage)
             ... on level 1 of the Lair of Beasts on Aug 4, 2019.
             The game lasted 01:28:19 (11951 turns).

FishyPogo the Grappler (Troll Chaos Knight)        Turns: 11951, Time: 01:28:20

Health: 0/135      AC: 20    Str: 23    XL:     13   Next: 7%
Magic:  16/16      EV: 15    Int:  8    God:    Xom [...*..]
Gold:   1736       SH:  0    Dex: 16    Spells: 12/12 levels left

rFire    + + .     SeeInvis .     - Unarmed
rCold    + . .     Gourm    +   (no shield)
rNeg     . . .     Faith    .   S - +1 troll leather armour
rPois    .         Spirit   .   v - +2 hat
rElec    .         Reflect  .   w - +2 cloak
rCorr    .         Harm     .   (gloves unavailable)
MR       .....     Rnd*Tele +   (boots unavailable)
Stlth    ++++......             E - amulet of regeneration
HPRegen  1.52/turn              e - ring of stealth
MPRegen  0.15/turn              B - ring of stealth

@: agile, lethally poisoned (0 -> 0), lightly drained
A: large, unfitting armour, claws 3, horns 1, talons 1, icy blue scales 1, slimy
green scales 1, thin metallic scales 1, cold resistance 1, fire resistance 2,
fast metabolism 3, gourmand, regeneration 1, screaming 1, shaggy fur 1,
teleportitis 2, tough skin 3, weak 1, wild magic 1, MP-powered wands
a: Renounce Religion


You were on level 1 of the Lair of Beasts.
You worshipped Xom.
You were a favourite toy of Xom.
You were not hungry.

You visited 4 branches of the dungeon, and saw 16 of its levels.
You also visited: Sewer.

You collected 1736 gold pieces.

Inventory:

Hand Weapons
 b - the +7 whip "Leviticus" {venom, rN+ Dex+2}
   (You found it on level 9 of the Dungeon)

   It poisons the flesh of those it strikes.
   It affects your dexterity (+2).
   It protects you from negative energy.
 F - a +0 antimagic short sword
 M - a +4 hunting sling
Missiles
 c - 331 stones (quivered)
 y - 90 sling bullets
 P - 8 poisoned tomahawks
 Q - 4 tomahawks of returning
 R - 16 tomahawks
 U - 13 large rocks
Armour
 a - a +2 robe
 g - a scarf of resistance
 v - a +2 hat (worn)
 w - a +2 cloak (worn)
 S - a +1 troll leather armour (worn)
 V - a +0 robe of magic resistance
Jewellery
 e - a ring of stealth (left claw)
 k - an uncursed ring of wizardry
 B - a ring of stealth (right claw)
 E - an amulet of regeneration (around neck)
 K - an uncursed ring of ice
 T - an uncursed ring of protection from fire
Wands
 x - a wand of random effects (24)
 D - a wand of paralysis (20)
 G - a wand of iceblast (13)
 J - a wand of digging (10)
 O - a wand of disintegration (16)
Scrolls
 h - 8 scrolls of identify
 j - 6 scrolls of enchant armour
 m - 3 scrolls of fog
 s - 6 scrolls of teleportation
 z - a scroll of amnesia
 A - 6 scrolls of remove curse
 H - a scroll of fear
 L - 2 scrolls of vulnerability
Potions
 d - a potion of resistance
 f - a potion of heal wounds
 i - 4 potions of lignification
 l - 2 potions of degeneration
 n - 2 potions of mutation
 p - 3 potions of might
 q - 2 potions of agility
 r - 2 potions of brilliance
 t - 2 potions of haste
 u - 2 potions of curing
 C - a potion of ambrosia
Comestibles
 o - 31 rations


   Skills:
 + Level 10.5(10.0) Fighting
 * Level 9.5(9.0) Maces & Flails
 - Level 5.1(4.6) Throwing
 * Level 0.7(0.3) Armour
 - Level 2.0(1.5) Dodging
 - Level 12.6(12.0) Unarmed Combat
 - Level 6.0(5.5) Evocations


You had 12 spell levels left.
You didn't know any spells.
Your spell library contained the following spells:

 Spells                   Type           Power        Failure   Level  Hunger
 Confusing Touch          Hex            #.....       54%         1    ##.....
 Summon Small Mammal      Summ           #...         54%         1    ##.....
 Call Imp                 Summ           #.......     67%         2    ###....
 Call Canine Familiar     Summ           #.......     88%         3    ####...
 Confuse                  Hex            #.......     88%         3    ####...
 Gell's Gravitas          Tloc           #.........   88%         3    ####...
 Summon Guardian Golem    Hex/Summ       #.......     88%         3    ####...
 Petrify                  Tmut/Erth      #.......     99%         4    #####..
 Summon Ice Beast         Ice/Summ       #.......     99%         4    #####..
 Summon Lightning Spire   Summ/Air       #.......     99%         4    #####..
 Metabolic Englaciation   Hex/Ice        #.........   100%        5    ######.
 Yara's Violent Unravell  Hex/Tmut       #.........   100%        5    ######.


Dungeon Overview and Level Annotations

Branches:
Dungeon (12/15)            Temple (1/1) D:4            Lair (1/6) D:9
    Orc (2/2) D:11            Elf (0/3) Orc:2

Altars:
Ashenzari
Cheibriados
Dithmenos
Elyvilon
Fedhas
Gozag
Hepliaklqana
Kikubaaqudgha
Makhleb
Nemelex Xobeh
Okawaru
Sif Muna
Trog
Uskayaw
Vehumet
Wu Jian
Xom
Yredelemnul
Zin
The Shining One

Shops:
D:7 }   Orc:2 ::}(:


Innate Abilities, Weirdness & Mutations

You are too large for most types of armour.
You have claws for hands.
Your metabolism is lightning-fast.
You like to eat raw meat.
Your natural rate of healing is unusually fast.
You are covered in fur. (AC +1)
You have extremely tough skin. (AC +3)
You have a pair of small horns on your head.
You have sharp toenails.
You are partially covered in icy blue scales. (AC +2)
You are partially covered in slimy green scales. (AC +2)
You are partially covered in thin metallic scales. (AC +2)
Your flesh is cold resistant. (rC+)
Your flesh is very heat resistant. (rF++)
You occasionally shout uncontrollably at your foes.
You are sometimes teleported next to monsters.
You are weak. (Str -2)
Your spells are a little harder to cast, but a little more powerful.
You expend magic power (3 MP) to strengthen your wands.


Message History

You claw the spiny frog. Your headbutt misses the spiny frog.
The spiny frog is heavily wounded.
You feel sick.
The spiny frog stings you but does no damage.
The wolf closely misses you.
You mangle the spiny frog!!
You kill the spiny frog!
You feel sick. The wolf bites you but does no damage.
You miss the wolf. Your kick misses the wolf.
You headbutt the wolf, but do no damage.
You feel sick. The wolf closely misses you. The wolf barely misses you.
You claw the wolf! You claw the wolf, but do no damage.
The wolf is severely wounded.
You feel sick. The wolf closely misses you.
You barely miss the wolf. Your kick misses the wolf.
Your headbutt misses the wolf.
The wolf is severely wounded.
You feel sick. The wolf bites you!
You die... "Huh?
Did I miss anything?"

,,,,,.......†..........#*
,,,∆,....(..####.......#
,,,,,.......* #P..######
,,,,,.......* ##..#
*****##..#..####..# *
####........###### *
*#.............#* *
*...####†h......* * *#.,*
#@.######* * *,,* #..# *
*,,* #..# **********,,*
#..# ,,,,,,,,,,,,***#..#
,,,,,,,,,,,,,,,...#*
**,,******,,,,,....*
**,,,* *,,,***....*****
*,,** ***,,* **,,,,,,,*


You could see a wolf.

Vanquished Creatures
  Erolcha (Orc:2)
  Harold (D:8)
  A hydra (D:12)
  4 two-headed ogres
  3 orc high priests (Orc:2)
  An ugly thing (D:11)
  5 orc knights
  3 cyclopes
  7 orc sorcerers
  Maurice (Orc:2)
  Joseph (D:8)
  3 centaur skeletons
  2 spiny frogs
  A black mamba (D:9)
  2 polar bears (D:8)
  4 trolls
  Sigmund (D:5)
  2 wyverns
  A spriggan (D:7)
  A shadow (D:11)
  A yak (D:8)
  A basilisk (Lair:1)
  A hungry ghost (D:10)
  The ghost of AarnesTheHuman the Firebug, an amateur HuFE (D:3)
  A warg (Orc:1)
  3 swamp worms (D:10)
  A spatial vortex (D:3)
  3 water moccasins
  4 porcupines
  2 black bears
  7 phantoms
  19 orc warriors
  3 sky beasts
  6 ice beasts
  A hornet zombie (D:10)
  14 ogres
  An eye of draining (D:11)
  6 wolves
  11 centaurs
  2 crocodiles (D:9)
  9 bullfrogs
  2 scorpions
  A wyvern skeleton (D:10)
  5 wights (D:11)
  17 killer bees
  6 howler monkeys
  A crimson imp (D:5)
  A centaur zombie (D:9)
  11 orc priests
  4 hounds
  3 quasits
  2 bullfrog skeletons
  A bullfrog zombie (D:5)
  A jelly (D:9)
  15 orc wizards
  12 worker ants
  A hound skeleton (D:11)
  2 worker ant zombies
  4 gnolls (D:9)
  19 adders
  5 shadow imps
  A white imp (D:8)
  A howler monkey simulacrum (D:8)
  An ufetubus (D:8)
  3 worms
  2 dart slugs
  An adder simulacrum (D:8)
  3 leopard geckos
  50 orcs
  4 ball pythons
  4 giant cockroaches
  10 goblins
  9 hobgoblins
  12 jackals
  24 kobolds
  7 quokkas
  4 bats
  10 frilled lizards
  A jackal skeleton (D:6)
  A leopard gecko skeleton (D:6)
  6 rats
  A plant (Sewer)
410 creatures vanquished.

Vanquished Creatures (collateral kills)
  A porcupine (D:9)
  A black bear (D:9)
  An orc (D:10)
  2 fungi (D:9)
5 creatures vanquished.

Vanquished Creatures (others)
  10 fungi
  2 plants (D:10)
12 creatures vanquished.

Grand Total: 427 creatures vanquished

Notes
Turn   | Place    | Note
-------+----------+-------------------------------------------
     0 | D:1      | FishyPogo the Troll Chaos Knight began the quest for the
                  | Orb.
     0 | D:1      | Reached XP level 1. HP: 22/22 MP: 0/0
    72 | D:1      | XOM: divination: magic mapping
   159 | D:1      | Reached XP level 2. HP: 25/29 MP: 1/1
   159 | D:1      | XOM: harmless Tmut miscast
   296 | D:1      | XOM: noise
   383 | D:1      | XOM: polymorph giant cockroach -> orc
   457 | D:2      | XOM: fog
   534 | D:2      | Found an ornate altar of the Wu Jian Council.
   548 | D:2      | Reached XP level 3. HP: 33/36 MP: 2/2
   551 | D:2      | XOM: polymorph quokka -> goblin
   587 | D:2      | XOM: god gift: 20 bolts
   702 | D:2      | XOM: give mutations
   702 | D:2      | Gained mutation: You have a pair of small horns on your
                  | head. [Xom's grace]
   702 | D:2      | Gained mutation: You have sharp toenails. [Xom's grace]
   702 | D:2      | Gained mutation: You are partially covered in thin metallic
                  | scales. (AC +2) [Xom's grace]
   710 | D:2      | Reached skill level 1 in Throwing
   777 | D:2      | Reached skill level 4 in Unarmed Combat
   861 | D:2      | XOM: silly message
   891 | D:2      | Reached XP level 4. HP: 44/44 MP: 3/3
   955 | D:2      | XOM: cloud trail
  1136 | D:2      | XOM: give mutations
  1136 | D:2      | Gained mutation: You are occasionally teleported next to
                  | monsters. [Xom's mischief]
  1136 | D:2      | Gained mutation: You are agile. (Dex +2) [Xom's mischief]
  1455 | D:3      | Reached XP level 5. HP: 53/53 MP: 4/4
  1527 | D:3      | Found a transporter.
  1531 | D:3      | Noticed AarnesTheHuman's ghost (amateur HuFE)
  1534 | D:3      | Found a transporter.
  1696 | D:3      | Found a faded altar of an unknown god.
  1734 | D:3      | XOM: harmless Tmut miscast
  1755 | D:3      | XOM is BORED!
  1755 | D:3      | XOM: medium Chrm miscast
  1885 | D:3      | Found a hide-covered altar of Uskayaw.
  1887 | D:3      | Found an iron altar of Okawaru.
  1991 | D:4      | Noticed an ogre
  1996 | D:4      | XOM: harmless Chrm miscast
  2175 | D:4      | Found a glowing drain.
  2176 | D:4      | Noticed an ogre
  2180 | D:4      | Reached skill level 5 in Unarmed Combat
  2181 | D:4      | Killed an ogre
  2181 | D:4      | Reached XP level 6. HP: 31/61 MP: 5/5
  2290 | Sewer    | Entered a sewer
  2445 | Sewer    | XOM: harmless Erth miscast
  2618 | Sewer    | XOM: polymorph ball python -> adder
  2693 | D:4      | XOM: summons 3 hostile demons
  2694 | D:4      | Noticed a chaos spawn
  2694 | D:4      | Noticed a hellwing
  2851 | D:4      | XOM: chaos cloud
  2853 | D:4      | XOM: harmless Tmut miscast
  2871 | D:4      | Found a staircase to the Ecumenical Temple.
  2890 | Temple   | Entered the Ecumenical Temple
  2966 | Temple   | XOM: harmless Pois miscast
  2997 | D:4      | Noticed an ice beast
  3018 | D:4      | Killed an ice beast
  3018 | D:4      | Reached XP level 7. HP: 68/68 MP: 6/6
  3079 | D:4      | XOM: harmless Summ miscast
  3082 | D:4      | Reached skill level 6 in Unarmed Combat
  3091 | D:4      | XOM: harmless Pois miscast
  3193 | D:4      | XOM: noise
  3315 | D:5      | Entered Level 5 of the Dungeon
  3332 | D:5      | Noticed Sigmund
  3345 | D:5      | XOM: cast spell 'Statue Form'
  3370 | D:5      | Killed Sigmund
  3448 | D:3      | XOM: give mutations
  3448 | D:3      | Gained mutation: Your flesh is cold resistant. (rC+) [Xom's
                  | grace]
  3448 | D:3      | Gained mutation: You are partially covered in rugged brown
                  | scales. (AC +1, +3% HP) [Xom's grace]
  3448 | D:3      | Gained mutation: You are partially covered in icy blue
                  | scales. (AC +2) [Xom's grace]
  3448 | D:3      | Gained mutation: Your flesh is heat resistant. (rF+) [Xom's
                  | grace]
  3461 | D:3      | XOM: mild Tloc miscast
  3462 | D:3      | Noticed a spatial vortex
  3474 | D:3      | Killed a spatial vortex
  3534 | D:3      | XOM: god gift: ring mail {god gift}
  3539 | D:3      | Killed AarnesTheHuman's ghost
  3539 | D:3      | Reached skill level 5 in Throwing
  3539 | D:3      | Reached XP level 8. HP: 68/80 MP: 7/7
  3546 | D:3      | Reached skill level 7 in Unarmed Combat
  3549 | D:3      | XOM: mild Hex miscast
  4079 | D:5      | Reached skill level 8 in Unarmed Combat
  4109 | D:5      | Reached skill level 5 in Fighting
  4226 | D:5      | Found a shadowy altar of Dithmenos.
  4392 | D:6      | Reached skill level 1 in Evocations
  4448 | D:6      | Found a bloodstained altar of Trog.
  4473 | D:6      | XOM: mild Air miscast
  4543 | D:6      | Reached XP level 9. HP: 90/90 MP: 9/9
  4757 | D:6      | XOM: harmless Necr miscast
  4843 | D:6      | Reached skill level 9 in Unarmed Combat
  4982 | D:6      | Found a snail-covered altar of Cheibriados.
  5086 | D:7      | XOM: blink monster(s)
  5196 | D:7      | XOM: enchant monster (good)
  5252 | D:7      | Found Pidigr Muzor's Gadget Shop.
  5266 | D:7      | Found a sparkling altar of Nemelex Xobeh.
  5360 | D:7      | Found a white marble altar of Elyvilon.
  5518 | D:7      | XOM: noise
  5668 | D:7      | XOM: scenery: 1 doors close
  5732 | D:7      | XOM: confusion (+ monsters)
  5977 | D:7      | Reached skill level 10 in Unarmed Combat
  6199 | D:8      | Noticed a polar bear
  6217 | D:8      | Killed a polar bear
  6224 | D:8      | Reached XP level 10. HP: 92/103 MP: 11/11
  6434 | D:8      | Noticed Joseph
  6467 | D:8      | Found a hazy altar of Hepliaklqana.
  6484 | D:8      | XOM: mild Tmut miscast
  6485 | D:8      | Found a burning altar of Makhleb.
  6485 | D:8      | Noticed a green death
  6600 | D:8      | XOM: mild Chrm miscast
  6750 | D:8      | Noticed Harold
  6770 | D:8      | XOM: scenery: create altars
  6772 | D:8      | Killed Harold
  6772 | D:8      | Reached skill level 11 in Unarmed Combat
  6990 | D:9      | Found a staircase to the Lair.
  6997 | D:9      | XOM: summons 10 friendly demons
  7079 | D:9      | Got a bone whip
  7099 | D:9      | Found a shattered altar of Ashenzari.
  7172 | D:9      | XOM: scenery: create altars
  7209 | D:9      | Noticed a two-headed ogre
  7216 | D:9      | Killed a two-headed ogre
  7583 | D:8      | XOM: summons 3 friendly demons
  7590 | D:8      | Killed Joseph
  7590 | D:8      | Reached skill level 12 in Unarmed Combat
  7590 | D:8      | Reached XP level 11. HP: 85/112 MP: 13/13
  7839 | D:10     | Entered Level 10 of the Dungeon
  7852 | D:10     | Reached skill level 5 in Evocations
  7902 | D:10     | XOM: medium Conj miscast
  7971 | D:10     | Noticed a two-headed ogre
  7982 | D:10     | Killed a two-headed ogre
  8029 | D:10     | XOM: 9-stop teleportation journey
  8153 | D:10     | XOM: summons friendly quasit
  8284 | D:10     | XOM: mild Conj miscast
  8290 | D:10     | XOM: medium Erth miscast
  8395 | D:10     | Identified the +7 whip "Leviticus" {venom, rN+ Dex+2} (You
                  | found it on level 9 of the Dungeon)
  8569 | D:11     | Reached skill level 1 in Maces & Flails
  8580 | D:11     | Noticed a cyan ugly thing
  8608 | D:11     | Noticed a two-headed ogre
  8620 | D:11     | XOM: confuse monster(s)
  8624 | D:11     | Killed a cyan ugly thing
  8694 | D:11     | XOM: give mutations
  8694 | D:11     | Gained mutation: You are somewhat resistant to further
                  | mutation. [Xom's grace]
  8694 | D:11     | Gained mutation: You have an increased reservoir of magic.
                  | (+10% MP) [Xom's grace]
  8694 | D:11     | Gained mutation: You have razor-sharp toenails. [Xom's
                  | grace]
  8694 | D:11     | Gained mutation: You passively map a small area around you.
                  | [Xom's grace]
  8804 | D:11     | XOM: chaos upgrade
  8894 | D:11     | Found a staircase to the Orcish Mines.
  9030 | D:11     | Killed a two-headed ogre
  9088 | D:12     | XOM: enchant monster (bad)
  9194 | D:12     | XOM: enchant monster (good)
  9212 | D:12     | XOM: noise
  9216 | D:12     | Noticed a six-headed hydra
  9228 | D:12     | Killed a six-headed hydra
  9228 | D:12     | XOM: butterfly on damage
  9256 | D:12     | XOM: enchant monster (good)
  9344 | Orc:1    | Entered Level 1 of the Orcish Mines
  9371 | Orc:1    | XOM: harmless Ice miscast
  9475 | Orc:1    | Reached XP level 12. HP: 77/126 MP: 17/17
  9483 | Orc:1    | XOM: medium Summ miscast
  9511 | Orc:1    | Reached skill level 5 in Maces & Flails
  9716 | Orc:1    | XOM: swap monsters
  9717 | Orc:1    | XOM: enchant monster (good)
  9742 | Orc:1    | XOM: harmless Summ miscast
  9751 | Orc:1    | Paralysed by an orc sorcerer for 3 turns
  9968 | Orc:1    | XOM: give mutations
  9968 | Orc:1    | Lost mutation: You passively map a small area around you.
                  | [Xom's mischief]
  9968 | Orc:1    | Lost mutation: You are partially covered in rugged brown
                  | scales. (AC +1, +3% HP) [Xom's mischief]
  9968 | Orc:1    | Lost mutation: You have an increased reservoir of magic.
                  | (+10% MP) [Xom's mischief]
  9968 | Orc:1    | Gained mutation: You are sometimes teleported next to
                  | monsters. [Xom's mischief]
  9972 | Orc:2    | Entered Level 2 of the Orcish Mines
 10169 | Orc:2    | Found Nuoph's Book Emporium.
 10266 | Orc:2    | Found a staircase to the Elven Halls.
 10488 | Orc:2    | Noticed an orc high priest
 10488 | Orc:2    | Noticed Maurice
 10494 | Orc:2    | Noticed an orc high priest
 10500 | Orc:2    | XOM: swap monsters
 10578 | Orc:2    | XOM: god gift: 6 needles of sleeping
 10640 | Orc:2    | XOM: scenery: create altars
 10668 | Orc:2    | XOM: harmless Pois miscast
 10741 | Orc:2    | Noticed a two-headed ogre
 10742 | Orc:2    | Noticed Erolcha
 10753 | Orc:2    | Killed a two-headed ogre
 10754 | Orc:2    | XOM: enchant monster (bad)
 10758 | Orc:2    | XOM: stat loss: -1 Dex (12/13)
 10761 | Orc:2    | Killed Erolcha
 10871 | Orc:2    | XOM: summons 2 hostile demons
 10872 | Orc:2    | XOM: harmless Tmut miscast
 10894 | Orc:2    | XOM: noise
 10899 | Orc:2    | Killed an orc high priest
 10899 | Orc:2    | Reached skill level 10 in Fighting
 10905 | Orc:2    | Killed an orc high priest
 10925 | Orc:2    | XOM: summons 3 hostile demons
 10976 | Orc:2    | Noticed an orc high priest
 10979 | Orc:2    | XOM: severe Air miscast
 10982 | Orc:2    | XOM: confuse monster(s)
 11055 | Orc:2    | XOM: summons 2 hostile demons
 11063 | Orc:2    | Killed an orc high priest
 11066 | Orc:2    | XOM: give mutations
 11066 | Orc:2    | Lost mutation: You are somewhat resistant to further
                  | mutation. [Xom's mischief]
 11066 | Orc:2    | Lost mutation: You have razor-sharp toenails. [Xom's
                  | mischief]
 11066 | Orc:2    | Gained mutation: You are weak. (Str -2) [Xom's mischief]
 11066 | Orc:2    | Gained mutation: You occasionally shout uncontrollably at
                  | your foes. [Xom's mischief]
 11202 | Orc:2    | XOM: give mutation
 11202 | Orc:2    | Lost mutation: You are agile. (Dex +2) [Xom's mischief]
 11229 | Orc:2    | Found Utiqu's Book Shoppe.
 11229 | Orc:2    | Found Kebuc's Book Shoppe.
 11230 | Orc:2    | Found Xuob's Antique Weapon Shop.
 11230 | Orc:2    | Found Puf Empeklo's Gadget Shop.
 11259 | Orc:2    | Killed Maurice
 11320 | Orc:2    | XOM: summons 5 hostile demons
 11326 | Orc:2    | XOM: draining
 11490 | Lair:1   | Entered Level 1 of the Lair of Beasts
 11512 | Lair:1   | XOM: mild Tloc miscast
 11517 | Lair:1   | XOM: divination: detect items
 11529 | D:9      | Reached XP level 13. HP: 26/135 MP: 16/16
 11531 | D:9      | HP: 5/202 [spiny frog (6)]
 11707 | Lair:1   | XOM: give mutations
 11707 | Lair:1   | Gained mutation: Your spells are a little harder to cast,
                  | but a little more powerful. [Xom's grace]
 11707 | Lair:1   | Gained mutation: You are partially covered in slimy green
                  | scales. (AC +2) [Xom's grace]
 11707 | Lair:1   | Gained mutation: You expend magic power (3 MP) to
                  | strengthen your wands. [Xom's grace]
 11707 | Lair:1   | Gained mutation: Your flesh is very heat resistant. (rF++)
                  | [Xom's grace]
 11951 | Lair:1   | Slain by a wolf

Skill      XL: |  1  2  3  4  5  6  7  8  9 10 11 12 |
---------------+-------------------------------------+-----
Dodging        | 2 |  2.0
Throwing       | 1 2 3 4 5 |  5.1
Unarmed Combat | 4 5 6 8 10 12 | 12.6
Fighting       | 3 4 5 6 7 9 10 | 10.5
Evocations     | 1 3 4 6 |  6.0
Maces & Flails | 4 9 |  9.5
Armour         | |  0.7

Action                   |  1- 3 |  4- 6 |  7- 9 | 10-12 | 13-15 || total
-------------------------+-------+-------+-------+-------+-------++-------
Melee: Unarmed           |   108 |   124 |   236 |   577 |    36 ||  1081
       Kick              |     4 |    29 |    57 |   184 |     6 ||   280
       Headbutt          |     1 |    23 |    46 |   117 |     6 ||   193
       Punch             |       |     1 |     5 |    32 |     2 ||    40
       Whip              |       |       |       |    15 |       ||    15
 Fire: Hunting sling     |     8 |    14 |   104 |     5 |       ||   131
Throw: Stone             |     5 |     6 |    18 |     2 |     3 ||    34
       Tomahawk          |       |       |       |     4 |       ||     4
       Large rock        |       |       |       |     5 |       ||     5
  Use: Scroll            |       |     5 |     1 |     5 |     7 ||    18
       Potion            |       |       |     1 |     3 |     2 ||     6
 Stab: Sleeping          |     1 |     8 |     3 |    12 |     1 ||    25
       Distracted        |       |     1 |     1 |     2 |       ||     4
       Petrified         |       |       |       |     2 |       ||     2
       Petrifying        |       |       |       |     2 |       ||     2
       Confused          |       |       |       |     1 |       ||     1
  Eat: Chunk             |    14 |    20 |    29 |    50 |       ||   113
Armor: Robe              |    41 |    43 |   151 |    59 |       ||   294
       Skin              |       |       |    17 |     4 |     9 ||    30
       Troll leather arm |       |       |       |   235 |    17 ||   252
Dodge: Dodged            |    41 |    55 |   127 |   236 |    27 ||   486
